 Dungeon Crawl Stone Soup version 0.32-a0-571-gec57dfcd37 (webtiles) character file.

Game seed: 11896296545678409305

1822 horus123 the Spear-Bearer (level 8, -5/57 (64) HPs)
             Began as a Demonspawn Gladiator on Mar 1, 2024.
             Was an Initiate of Qazlal.
             Slain by a wight
             ... wielding a +0 great sword
              (8 damage)
             ... on level 6 of the Dungeon.
             The game lasted 00:10:57 (5519 turns).

horus123 the Spear-Bearer (Demonspawn Gladiator)    Turns: 5519, Time: 00:10:57

HP:   -5/57 (64)    AC: 15    Str: 17    XL:     8   Next: 85%
MP:   8/8           EV:  8    Int:  8    God:    Qazlal [......]
Gold: 173           SH:  5    Dex: 15    Spells: 7/7 levels left

rFire   + . .        z - +5 trident (venom)
rCold   . . .        (no shield)
rNeg    . . .        n - +0 chain mail
rPois   .            b - +2 hat
rElec   .            (no cloak)
rCorr   .            v - +0 pair of gloves
SInv    .            (no boots)
Will    .....        F - amulet of reflection Stlth
                     q - ring of protection from fire
HPRegen 0.29/turn    (no ring)
MPRegen 0.11/turn

%: reflection
@: heavily drained
A: yellow scales 1, ignite blood 1, demonic magic 1, weakness stinger 2
a: Renounce Religion


You were on level 6 of the Dungeon.
You worshipped Qazlal.
Qazlal was noncommittal.
You visited 2 branches of the dungeon, and saw 7 of its levels.

You collected 309 gold pieces.
You spent 136 gold pieces at shops.

Inventory:

Hand Weapons
 z - a +5 trident of venom (weapon)
Missiles
 d - 4 throwing nets (quivered)
 e - 12 javelins
 r - 6 boomerangs
 B - 7 curare-tipped darts
Armour
 b - a +2 hat (worn)
 n - a +0 chain mail (worn)
 v - a +0 pair of gloves (worn)
Magical Staves
 f - a staff of conjuration
Jewellery
 q - a ring of protection from fire (left hand)
 F - an amulet of reflection (around neck)
Wands
 i - a wand of flame (18)
 x - a wand of digging (6)
Scrolls
 g - 2 scrolls of teleportation
 k - a scroll of amnesia
 p - a scroll of noise
 s - a scroll of immolation
 t - a scroll of blinking {unknown}
 w - a scroll of revelation {unknown}
 E - a scroll of fear {unknown}
Potions
 a - a potion of brilliance {unknown}
 h - 4 potions of curing {unknown}
 j - 2 potions of degeneration {unknown}
 l - a potion of resistance {unknown}
 m - a potion of heal wounds {unknown}
 o - 2 potions of attraction {unknown}
 u - 2 potions of lignification
 A - 2 potions of haste {unknown}
 C - 2 potions of mutation {unknown}
 D - a potion of invisibility


   Skills:
 - Level 6.0 Fighting
 - Level 8.0 Polearms
 - Level 1.7 Throwing
 + Level 5.1 Armour
 - Level 2.6 Dodging


You had 7 spell levels left.
You didn't know any spells.
Your spell library contained the following spells:

 Spells                   Type           Power      Damage    Failure   Level
 Anguish                  Hex/Necr       0%         N/A       100%        4
 Cause Fear               Hex            0%         N/A       100%        4
 Enfeeble                 Hex            0%         N/A       100%        7


Dungeon Overview and Level Annotations

Branches:
Dungeon (6/15)             Temple (1/1) D:6

Altars:
Fedhas
Gozag
Hepliaklqana
Kikubaaqudgha
Makhleb
Nemelex Xobeh
Qazlal
Ru
Sif Muna
Uskayaw
Yredelemnul
Ignis

Shops:
D:3 *   D:5 *


Innate Abilities, Weirdness & Mutations

You are partially covered in yellow scales. (AC +2)
Your demonic aura sometimes causes spilled blood to erupt in flames.
Spells you cast may paralyse adjacent enemies.
You have a tail ending in a sharp stinger.


Message History

You tail-slap the wight, but do no damage.
The wight is severely damaged.
The wight hits you with a +0 great sword!
You hit the wight but do no damage.
The wight is severely damaged.
The wight hits you with a +0 great sword!
You feel drained.
* * * LOW HITPOINT WARNING * * *
You closely miss the wight.
The wight is severely damaged.
The wight barely misses you.
You completely miss the wight.
You tail-slap the wight, but do no damage.
The wight is severely damaged.
You block the wight's attack.
You hit the wight.
The wight is severely damaged.
You block the wight's attack.
Throw: 5 throwing nets
Press: ? - help, Q - select action, (/) - cycle Shift-Dir - straight line, f/p - wight
Aim: a wight, wielding a +0 great sword and wearing a +0 robe (severely damaged, 59% to hit)
You throw a throwing net.
The throwing net closely misses the wight.
The wight barely misses you.
Reach: z) +5 trident (venom)
Press: ? - help, Dir - move target, f/p - wight
Aim: a wight, wielding a +0 great sword and wearing a +0 robe (severely damaged, about 30% to evade your +5 trident of venom)
You hit the wight but do no damage.
The wight is severely damaged.
The wight hits you with a +0 great sword!
* * * LOW HITPOINT WARNING * * *
You feel drained.
* * * LOW HITPOINT WARNING * * *
Reach: z) +5 trident (venom)
Press: ? - help, Dir - move target, f/p - wight
Aim: a wight, wielding a +0 great sword and wearing a +0 robe (severely damaged, about 30% to evade your +5 trident of venom)
You hit the wight.
The wight is almost destroyed.
The wight hits you with a +0 great sword!
You die...

###.# #.# #.#
... .# #.# .#
.. #.# ## .##.
###.# #. ...
....# #.# ..
..### #.# .#
..##
##.###z###.##
...#
##...#@.......
.#.#
#..#....###...
...# #....#.##
.#.# #.#.##.#
#..# #......#
#.##
#)#........
#.##
#.#########
...# #.###
##.# #...#


You could see a wight.

Vanquished Creatures
  Pikel (D:5)
  Sigmund (D:3)
  Edmund (D:4)
  An ice beast (D:6)
  A black bear (D:5)
  2 kobold brigands
  3 bombardier beetles
  5 hounds
  An orc priest (D:4)
  A gnoll bouda (D:5)
  A sleepcap (D:5)
  An iguana (D:5)
  3 orc wizards
  12 gnolls
  6 adders
  A shadow imp (D:6)
  3 dart slugs
  17 orcs
  8 bats
  6 endoplasms
  7 giant cockroaches
  8 hobgoblins
  6 jackals
  5 quokkas
  7 ball pythons
  3 frilled lizards
  13 goblins
  18 kobolds
  5 rats
147 creatures vanquished.

Notes
Turn   | Place    | Note
-------+----------+-------------------------------------------
     0 | D:1      | horus123 the Demonspawn Gladiator began the quest for the
                  | Orb.
     0 | D:1      | Reached XP level 1. HP: 16/16 MP: 1/1
    26 | D:1      | Reached skill level 3 in Polearms
    75 | D:1      | Gained mutation: Your demonic aura sometimes causes spilled
                  | blood to erupt in flames. [demonic ancestry]
    75 | D:1      | Reached XP level 2. HP: 22/22 MP: 2/2
   533 | D:1      | Reached XP level 3. HP: 27/27 MP: 3/3
   936 | D:1      | Reached skill level 4 in Polearms
  1899 | D:3      | Reached XP level 4. HP: 33/33 MP: 4/4
  1944 | D:3      | Found Niritz's Assorted Antiques.
  2010 | D:3      | Noticed Sigmund
  2030 | D:3      | Killed Sigmund
  2031 | D:3      | Reached skill level 5 in Polearms
  2031 | D:3      | Gained mutation: Spells you cast may paralyse adjacent
                  | enemies. [demonic ancestry]
  2031 | D:3      | Reached XP level 5. HP: 14/38 MP: 5/5
  2178 | D:3      | Reached skill level 6 in Polearms
  2902 | D:4      | Gained mutation: You have a small tail. [demonic ancestry]
  2902 | D:4      | Reached XP level 6. HP: 23/44 MP: 6/6
  3222 | D:3      | Bought a glowing trident for 136 gold pieces
  3409 | D:4      | Noticed Edmund
  3427 | D:4      | Killed Edmund
  3428 | D:4      | Reached skill level 7 in Polearms
  3561 | D:4      | Found a hide-covered altar of Uskayaw.
  3567 | D:4      | Gained mutation: You have a tail ending in a sharp stinger.
                  | [demonic ancestry]
  3567 | D:4      | Reached XP level 7. HP: 50/50 MP: 7/7
  3917 | D:5      | Entered Level 5 of the Dungeon
  4015 | D:5      | Reached skill level 8 in Polearms
  4168 | D:5      | Found Poingeus's Gadget Gallery.
  4414 | D:5      | Reached skill level 5 in Fighting
  4414 | D:5      | Gained mutation: You are partially covered in yellow
                  | scales. (AC +2) [demonic ancestry]
  4414 | D:5      | Reached XP level 8. HP: 32/62 MP: 8/8
  4931 | D:5      | Noticed Pikel
  4938 | D:5      | Killed Pikel
  5338 | D:6      | Found a staircase to the Ecumenical Temple.
  5346 | D:6      | Reached skill level 5 in Armour
  5360 | Temple   | Entered the Ecumenical Temple
  5405 | Temple   | Became a worshipper of Qazlal Stormbringer
  5519 | D:6      | Slain by a wight

Illustrated notes

Levels and vault maps discovered:
D:1:      wander_arrival_desolate, layout_basic, minmay_pentomino_o4
D:2:      layout_basic, minmay_misc_feat_more_columns, grunt_decor_fettered
D:3:      layout_loops_ring, serial_shops, nicolae_shop_statue_plus,
          grunt_ministairs_13, minmay_hedge_maze, uniq_sigmund
D:4:      layout_rooms, nicolae_uskayaw_dance_hall,
          hangedman_decor_diamond_cutter, dreamdust_wishing_well, minmay_puff,
          uniq_edmund
D:5:      layout_basic, nicolae_shop_gadgets, uniq_pikel
D:6:      layout_loops_ring, minmay_temple_entry_slanted
Temple:   pdpol_scorched_temple

Skill      XL: |  1  2  3  4  5  6  7  8 |
---------------+-------------------------+-----
Polearms       | 3 4 5 6 7 8 |  8.0
Fighting       | 5 6 |  6.0
Armour         | 5 |  5.1
Throwing       | |  1.7
Dodging        | |  2.6

Action                     |  1- 3 |  4- 6 |  7- 9 || total
---------------------------+-------+-------+-------++-------
  Melee: Trident           |   143 |    64 |   167 ||   374
         Halberd           |       |    72 |       ||    72
         Tailslap          |       |     2 |    17 ||    19
  Throw: Throwing net      |       |       |     1 ||     1
    Use: Potion            |       |     2 |       ||     2
         Scroll            |       |       |     4 ||     4
   Stab: Sleeping          |     2 |       |       ||     2
 Armour: Leather armour    |    29 |       |       ||    29
         Ring mail         |    19 |    51 |       ||    70
         Skin              |       |     8 |       ||     8
         Scale mail        |       |     8 |    40 ||    48
         Chain mail        |       |       |    18 ||    18
  Dodge: Dodged            |    76 |    61 |    41 ||   178
  Block: Other             |       |       |     6 ||     6
         Reflection        |       |       |     1 ||     1

Table legend: (Time is in decaauts)
 A = Elapsed time spent in this place.
 B = Non-inter-level travel time spent in this place.
 C = Inter-level travel time spent in this place.
 D = Time resting spent in this place.
 E = Time spent auto-exploring this place.
 F = Levels seen in this place.
 G = Mean time per level.
                   A        B        C        D        E       F      G
               +--------+--------+--------+--------+--------+-----+--------+
         Total |   5531 |   5213 |    318 |    275 |   3785 |   7 |  790.1 |
       Dungeon |   5468 |   5156 |    312 |    275 |   3785 |   6 |  911.3 |
        Temple |     62 |     56 |      6 |      0 |      0 |   1 |   62.0 |
               +--------+--------+--------+--------+--------+-----+--------+

Top non-repeatable levels by time:
     D:5: 1233 daAuts
     D:3: 1161 daAuts
     D:1: 1029 daAuts
     D:4: 911 daAuts
     D:2: 841 daAuts
     D:6: 290 daAuts
  Temple: 62 daAuts
